 Dungeon Crawl Stone Soup version 0.23-b1-70-gd12f7cf (webtiles) character file.

Game seed: 17347823124914158514

1734 poirepourri the Covert (level 8, 0/36 HPs)
             Began as a Spriggan Enchanter on Feb 6, 2019.
             Was an Initiate of Dithmenos.
             Slain by Menkaure (18 damage)
             ... on level 5 of the Dungeon.
             The game lasted 00:09:34 (7464 turns).

poirepourri the Covert (Spriggan Enchanter)         Turns: 7464, Time: 00:09:35

Health: 0/36       AC:  4    Str:  4      XL:     8   Next: 76%
Magic:  15/21      EV: 18    Int: 17      God:    Dithmenos [......]
Gold:   224        SH:  0    Dex: 17 (18) Spells: 11/23 levels left

rFire    . . .     SeeInvis +   j - +0 dagger (venom)
rCold    . . .     Gourm    .   (shield restricted)
rNeg     . . .     Faith    .   b - +0 robe
rPois    .         Spirit   .   (helmet restricted)
rElec    .         Reflect  .   e - +1 cloak
rCorr    .         Harm     .   (gloves unavailable)
MR       +....                  (boots unavailable)
Stlth    +++++.....             (no amulet)
HPRegen  0.12/turn              (no ring)
MPRegen  0.17/turn              (no ring)

@: very quick
A: very small, unfitting armour, see invisible, herbivore, speed 3, slow
metabolism 2
a: Renounce Religion


You were on level 5 of the Dungeon.
You worshipped Dithmenos.
Dithmenos was noncommittal.
You were hungry.

You visited 2 branches of the dungeon, and saw 6 of its levels.

You collected 280 gold pieces.
You spent 56 gold pieces at shops.

Inventory:

Hand Weapons
 j - a +0 dagger of venom (weapon)
Armour
 b - a +0 robe (worn)
 e - a +1 cloak (worn)
Wands
 k - a wand of digging (7)
Scrolls
 a - a scroll of identify
 f - 2 scrolls of teleportation
 n - a scroll of remove curse
Potions
 c - a potion of flight
 h - a potion of berserk rage
 i - a potion of cancellation
 l - a potion of magic
 m - a potion of haste
 o - a potion of lignification
Comestibles
 d - 7 rations


   Skills:
 - Level 1.1 Short Blades
 - Level 3.0 Dodging
 - Level 12.1 Stealth
 - Level 8.1 Spellcasting
 + Level 7.5 Hexes


You had 11 spell levels left.
You knew the following spells:

 Your Spells              Type           Power        Failure   Level  Hunger
a - Corona                Hex            ####...      1%          1    None
b - Ensorcelled Hibernat  Hex/Ice        ###...       3%          2    None
c - Confuse               Hex            ####....     1%          3    #......
d - Tukima's Dance        Hex            ####....     1%          3    #......
e - Dazzling Spray        Conj/Hex       ###...       7%          3    #......

Your spell library contained the following spells:

 Spells                   Type           Power        Failure   Level  Hunger


Dungeon Overview and Level Annotations

Branches:
Dungeon (5/15)             Temple (1/1) D:4

Altars:
Ashenzari
Dithmenos
Elyvilon
Fedhas
Gozag
Hepliaklqana
Kikubaaqudgha
Nemelex Xobeh
Qazlal
Ru
Sif Muna
Trog
Uskayaw
Wu Jian
Xom
Yredelemnul
Zin
The Shining One

Shops:
D:4 (*[

Annotations:
D:5 Menkaure


Innate Abilities, Weirdness & Mutations

You are very small and have problems with some larger weapons.
You are too small for most types of armour.
You have supernaturally acute eyesight. (SInv)
You are a herbivore.
You cover ground extremely quickly.
You need to consume almost no food.


Message History

Menkaure is lightly damaged.
Menkaure calls on the powers of darkness!
Your body is wracked with pain!
You are too injured to fight recklessly!
Casting: Confuse (safe; 1% risk of failure)
Confirm with . or Enter, or press ? or * to list all spells.
Aiming: Confuse (safe; 1% risk of failure)
Press: ? - help, Shift-Dir - straight line, f - Menkaure
Aim: Menkaure (lightly damaged, chance to defeat MR: 61%) Menkaure resists with significant effort.
Menkaure closely misses you.
Casting: Confuse (safe; 1% risk of failure)
Confirm with . or Enter, or press ? or * to list all spells.
Aiming: Confuse (safe; 1% risk of failure)
Press: ? - help, Shift-Dir - straight line, f/p - Menkaure
Aim: Menkaure (lightly damaged, chance to defeat MR: 61%) Menkaure resists with significant effort.
Menkaure hits you!!
Ouch! That really hurt!
You die...

#.......##...##.#..##
##...........##.....#
.............#.....####
....##..........#.....#
.......................
...............#######..
.............#.# # #..# ###
...............#######...## #.##
......)...)....'@M_..+....###..#
.....##........###.###.........#
.....###.......# # #.#.......#
.....# #.......###+###.#.......#
....####..##...................##
....###..........##....##.......#
......(..........................
........<..).....................
.................................


You could see Menkaure.

Vanquished Creatures
  Grinder (D:4)
  A hornet (D:5)
  Sigmund (D:2)
  Eustachio (D:5)
  Edmund (D:5)
  The ghost of emiel the Skirmisher, an amateur DsHu (D:4)
  An ogre (D:4)
  A scorpion (D:4)
  5 wights (D:4)
  A crimson imp (D:5)
  A bullfrog zombie (D:5)
  A quasit (D:5)
  2 jellies
  A centaur skeleton (D:5)
  An iguana (D:4)
  Terence (D:2)
  A worker ant (D:4)
  Robin (D:2)
  8 adders
  5 gnolls
  An adder skeleton (D:4)
  3 worms
  2 dart slugs
  5 leopard geckos
  4 orcs
  5 giant cockroaches
  6 hobgoblins
  6 bats
  3 frilled lizards
  14 goblins
  7 kobolds
  A leopard gecko skeleton (D:5)
  A quokka skeleton (D:5)
  6 rats
100 creatures vanquished.

Notes
Turn   | Place    | Note
-------+----------+-------------------------------------------
     0 | D:1      | poirepourri the Spriggan Enchanter began the quest for the
                  | Orb.
     0 | D:1      | Reached XP level 1. HP: 9/9 MP: 5/5
   175 | D:1      | Reached skill level 5 in Stealth
   447 | D:1      | Reached XP level 2. HP: 6/13 MP: 6/6
   712 | D:1      | You fall through a shaft!
   787 | D:2      | Reached skill level 6 in Stealth
  1560 | D:2      | Learned a level 2 spell: Ensorcelled Hibernation
  1711 | D:2      | Reached XP level 3. HP: 16/16 MP: 2/8
  1819 | D:2      | Noticed Sigmund
  1831 | D:2      | Killed Sigmund
  1831 | D:2      | Reached skill level 9 in Stealth
  1831 | D:2      | Reached XP level 4. HP: 18/21 MP: 9/9
  1831 | D:2      | Reached XP level 5. HP: 20/24 MP: 10/10
  1862 | D:1      | Learned a level 3 spell: Confuse
  1866 | D:1      | Learned a level 3 spell: Tukima's Dance
  2529 | D:2      | Reached skill level 10 in Stealth
  2769 | D:2      | Noticed Terence
  3016 | D:2      | Reached XP level 6. HP: 28/28 MP: 11/11
  3045 | D:2      | Killed Terence
  3438 | D:3      | Identified the +1 helmet "Gineaducw" {MR++ rCorr Dex-3}
  3438 | D:3      | Noticed Robin
  3614 | D:3      | Found a deep blue altar of Sif Muna.
  4310 | D:2      | Killed Robin
  4496 | D:3      | Found a blossoming altar of Fedhas.
  4883 | D:3      | Reached skill level 11 in Stealth
  5278 | D:4      | Found a runed translucent door.
  5284 | D:4      | Found Daroj's Antique Armour Boutique.
  5309 | D:4      | Noticed emiel's ghost (amateur DsHu)
  5433 | D:4      | Killed emiel's ghost
  5610 | D:4      | Reached skill level 12 in Stealth
  5610 | D:4      | Reached XP level 7. HP: 32/32 MP: 8/12
  5701 | D:4      | Found a bloodstained altar of Trog.
  5853 | D:4      | Found a sacrificial altar of Ru.
  5946 | D:4      | Reached skill level 5 in Spellcasting
  5961 | D:4      | Learned a level 3 spell: Dazzling Spray
  6174 | D:4      | Found a staircase to the Ecumenical Temple.
  6249 | D:4      | Found a faded altar of an unknown god.
  6256 | Temple   | Entered the Ecumenical Temple
  6365 | Temple   | Became a worshipper of Dithmenos the Shadowed
  6478 | D:4      | Found Usaegiv's Antique Weapon Shoppe.
  6488 | D:4      | Noticed Grinder
  6495 | D:4      | Killed Grinder
  6495 | D:4      | Reached XP level 8. HP: 35/36 MP: 16/19
  6516 | D:4      | Found Zagh's General Store.
  6521 | D:4      | Bought a scroll of identify for 28 gold pieces
  6521 | D:4      | Bought a scroll of identify for 28 gold pieces
  6661 | D:5      | Entered Level 5 of the Dungeon
  6663 | D:5      | Noticed Edmund
  6668 | D:5      | Killed Edmund
  6753 | D:5      | Noticed Eustachio
  6761 | D:5      | Killed Eustachio
  6761 | D:5      | Reached skill level 5 in Hexes
  6775 | D:5      | Noticed a hornet
  6783 | D:5      | Killed a hornet
  7450 | D:5      | Found an ornate altar of the Wu Jian Council.
  7450 | D:5      | Noticed Menkaure
  7464 | D:5      | Slain by Menkaure

Skill      XL: |  1  2  3  4  5  6  7  8 |
---------------+-------------------------+-----
Stealth        | 5 6 9 10 12 | 12.1
Spellcasting   | 7 8 |  8.1
Hexes          | 7 |  7.5
Short Blades   | |  1.1
Dodging        | |  3.0

Action                   |  1- 3 |  4- 6 |  7- 9 || total
-------------------------+-------+-------+-------++-------
Melee: Dagger            |   133 |   175 |   101 ||   409
 Cast: Ensorcelled Hiber |     4 |    29 |       ||    33
       Confuse           |       |    11 |    16 ||    27
       Dazzling Spray    |       |       |     2 ||     2
  Use: Scroll            |     5 |     9 |     4 ||    18
       Potion            |       |     1 |     1 ||     2
 Stab: Sleeping          |    10 |    33 |    13 ||    56
       Distracted        |       |     1 |       ||     1
       Confused          |       |     6 |     9 ||    15
  Eat: Ration            |       |     3 |     1 ||     4
Armor: Robe              |    24 |    15 |    14 ||    53
Dodge: Dodged            |   129 |   152 |    69 ||   350
